 Dungeon Crawl Stone Soup version 0.26.0-10-g1f06aea511 (webtiles) character file.

Game seed: 12288768028862528615

37438 Froggeryz the Peltast (level 14, 0/113 HPs)
             Began as a Formicid Fighter on Jan 14, 2021.
             Was the Champion of Okawaru.
             Slain by a catoblepas (20 damage)
             ... on level 6 of the Lair of Beasts.
             The game lasted 00:25:17 (18535 turns).

Froggeryz the Peltast (Formicid Fighter)           Turns: 18535, Time: 00:25:18

Health: 0/113      AC: 13    Str: 25    XL:     14   Next: 29%
Magic:  14/14      EV: 14    Int:  9    God:    Okawaru [******]
Gold:   499        SH: 23    Dex: 10    Spells: 13/13 levels left

rFire    . . .     SeeInvis +   S - +2 war axe (flame)
rCold    + . .     Faith    .   r - +2 tower shield of Exclusion {rC+ rCorr}
rNeg     . . .     Spirit   .   i - +0 scale mail
rPois    .         Reflect  .   (helmet unavailable)
rElec    .         Harm     .   D - +1 cloak
rCorr    +         Rampage  .   w - +1 pair of gloves
Will     ++...                  y - +0 pair of boots
Stlth    ..........             (no amulet)
HPRegen  0.28/turn              k - ring of willpower
MPRegen  0.14/turn              K - +4 ring of evasion

@: no status effects
A: permanent stasis, dig shafts and tunnels, four strong arms, antennae 3
a: Dig, Shaft Self, Renounce Religion, Heroism, Finesse


You were on level 6 of the Lair of Beasts.
You worshipped Okawaru.
Okawaru was exalted by your worship.
You visited 3 branches of the dungeon, and saw 15 of its levels.
You also visited: Bailey.

You collected 660 gold pieces.
You spent 161 gold pieces at shops.

Inventory:

Hand Weapons
 O - a +6 battleaxe of venom
 Q - a +4 hand axe of freezing
 S - a +2 war axe of flaming (weapon)
Missiles
 o - 5 javelins
 M - 4 silver javelins (quivered)
Armour
 i - a +0 scale mail (worn)
 r - the +2 tower shield of Exclusion (worn) {rC+ rCorr}
   (Okawaru gifted it to you on level 4 of the Lair of Beasts)

   It protects you from cold.
   It provides partial protection from all sources of acid and corrosion.
 w - a +1 pair of gloves (worn)
 y - a +0 pair of boots (worn)
 D - a +1 cloak (worn)
Jewellery
 f - an uncursed ring of flight
 k - a ring of willpower (left hand)
 C - an uncursed ring of protection from fire
 G - an uncursed ring of fire
 K - a +4 ring of evasion (right hand)
Wands
 g - a wand of random effects (26)
 h - a wand of digging (11)
 s - a wand of iceblast (9)
 v - a wand of paralysis (4)
 x - a wand of disintegration (12)
 I - a wand of flame (7)
 J - a wand of enslavement (8)
Scrolls
 c - 2 scrolls of fear
 e - 4 scrolls of amnesia
 j - 4 scrolls of enchant weapon
 p - 2 scrolls of torment {unknown}
 q - a scroll of immolation {unknown}
 B - 8 scrolls of remove curse
 E - a scroll of identify
 F - 4 scrolls of fog
 L - 5 scrolls of enchant armour
 P - a scroll of brand weapon
 R - 2 scrolls of magic mapping
Potions
 a - a potion of mutation {unknown}
 b - 2 potions of flight {unknown}
 d - 4 potions of might
 l - 3 potions of resistance
 m - 4 potions of curing
 n - a potion of experience {unknown}
 t - 4 potions of cancellation
 u - 3 potions of brilliance
 z - 2 potions of heal wounds
 A - 2 potions of lignification
 N - 3 potions of haste


   Skills:
 - Level 11.5 Fighting
 - Level 15.2 Axes
 - Level 5.2 Armour
 * Level 16.1 Shields


You had 13 spell levels left.
You didn't know any spells.
Your spell library contained the following spells:

 Spells                   Type           Power        Failure   Level
 Animate Skeleton         Necr           0%           65%         1
 Corona                   Hex            0%           65%         1
 Pain                     Necr           0%           65%         1
 Ensorcelled Hibernation  Hex/Ice        0%           80%         2
 Confusing Touch          Hex            0%           95%         3
 Dazzling Flash           Conj/Hex       0%           95%         3
 Tukima's Dance           Hex            0%           95%         3
 Vampiric Draining        Necr           0%           95%         3
 Animate Dead             Necr           0%           100%        4
 Agony                    Necr           0%           100%        5
 Haunt                    Necr/Summ      0%           100%        7
 Borgnjor's Revivificati  Necr           0%           100%        8
 Infestation              Necr           0%           100%        8
 Necromutation            Tmut/Necr      0%           100%        8
 Death's Door             Necr           0%           100%        9


Dungeon Overview and Level Annotations

Branches:
Dungeon (8/15)             Temple (1/1) D:5            Lair (6/6) D:8
 Shoals (0/4) Lair:3       Spider (0/4) Lair:3       Bailey (visited)
  Slime: Lair:5-6

Altars:
Ashenzari
Cheibriados
Dithmenos
Elyvilon
Fedhas
Gozag
Hepliaklqana
Kikubaaqudgha
Makhleb
Nemelex Xobeh
Okawaru
Qazlal
Ru
Sif Muna
Uskayaw
Vehumet
Wu Jian
Xom
Yredelemnul
Zin
The Shining One

Shops:
D:5 ::(:   D:7 (

Annotations:
D:7 Prince Ribbit
Lair:3 exclusion: oklob plant
Lair:5 exclusion: 2 oklob plants


Innate Abilities, Weirdness & Mutations

You cannot be hasted, slowed, berserked, paralysed or teleported.
You can dig through walls and to a lower floor.
Your four strong arms can wield two-handed weapons with a shield.
You have a pair of large antennae on your head. (SInv)


Message History

The helpless rime drake fails to defend itself.
You slice the rime drake!! You burn the rime drake.
The catoblepas breathes a plume of calcifying dust at you.
The blast of calcifying dust hits you.
* * * LOW HITPOINT WARNING * * *
The catoblepas breathes a plume of calcifying dust at you.
The blast of calcifying dust hits you.
* * * LOW HITPOINT WARNING * * *
The rime drake is no longer petrified.
The rime drake breathes ice at you. You block the flash freeze.
You slash the catoblepas! You burn the catoblepas.
The catoblepas is heavily wounded.
You closely miss the rime drake. You block the rime drake's attack.
You hit the catoblepas but do no damage.
The catoblepas is heavily wounded.
You closely miss the rime drake. The rime drake breathes ice at you.
The flash freeze misses you. The catoblepas gores you!!
You die...

..^...........#
...................#
..(.................#
.............§..§...#
$...........§..§....#
............§.§.....#
.P.........§.§<..)..#
P..........§§.......#
.P.....#.@§§......P.#
......†.#kY##.##.P###
......##...#####.##
..... ##### ### ....
### {


You could see a catoblepas and a rime drake (catching breath).

Vanquished Creatures
  Gastronok (Lair:3)
  10 hydras
  A two-headed ogre (D:8)
  Urug (Lair:3)
  3 merfolk sirens (Lair:3)
  Joseph (D:7)
  5 elephants (Lair:2)
  3 black mambas
  A torpor snail (Lair:5)
  13 cane toads
  4 rime drakes
  13 komodo dragons
  A merfolk (Lair:3)
  A jumping spider (Lair:3)
  5 blink frogs (Lair:5)
  5 dream sheep (Lair:4)
  A redback (Lair:3)
  10 spriggans (Lair:1)
  4 wyverns
  24 yaks
  4 basilisks
  Menkaure (D:5)
  Edmund (D:5)
  17 water moccasins
  3 ice beasts
  An orc warrior (D:6)
  2 phantoms
  2 sky beasts
  2 ogres
  10 wolves
  5 centaurs
  A big kobold (D:7)
  Blork the orc (D:5)
  14 bullfrogs
  2 scorpions
  12 killer bees (D:8)
  5 electric eels (Lair:2)
  6 howler monkeys
  A bullfrog zombie (D:5)
  A hound (D:7)
  2 centaur skeletons
  3 orc priests (D:7)
  Ijyb (D:4)
  17 iguanas
  3 worker ants
  A hound skeleton (D:8)
  7 gnolls
  18 adders
  2 shadow imps (D:7)
  3 white imps
  2 ufetubi
  2 oozes
  2 adder skeletons
  2 worms
  2 dart slugs
  14 leopard geckos
  17 orcs
  11 bats
  3 giant cockroaches
  6 goblins
  3 hobgoblins
  4 jackals (D:3)
  2 quokkas
  2 ball pythons (D:3)
  11 frilled lizards
  A giant cockroach zombie (D:6)
  9 kobolds
  A quokka skeleton (D:6)
  A quokka zombie (D:6)
  9 rats
359 creatures vanquished.

Vanquished Creatures (others)
  19 fungi
  73 plants
92 creatures vanquished.

Grand Total: 451 creatures vanquished

Notes
Turn   | Place    | Note
-------+----------+-------------------------------------------
     0 | D:1      | Froggeryz the Formicid Fighter began the quest for the Orb.
     0 | D:1      | Reached XP level 1. HP: 18/18 MP: 1/1
   170 | D:1      | Reached XP level 2. HP: 23/24 MP: 2/2
   996 | D:2      | Reached skill level 4 in Shields
   996 | D:2      | Reached XP level 3. HP: 18/29 MP: 3/3
  1244 | D:2      | Reached XP level 4. HP: 28/35 MP: 4/4
  1535 | D:1      | Reached XP level 5. HP: 15/41 MP: 5/5
  2234 | D:3      | Found a faded altar of an unknown god.
  2262 | D:3      | Reached skill level 5 in Shields
  2461 | D:3      | Reached XP level 6. HP: 40/47 MP: 6/6
  2579 | D:3      | Reached skill level 5 in Axes
  3320 | D:4      | Noticed Ijyb
  3334 | D:4      | Killed Ijyb
  3457 | D:4      | Noticed an ogre
  3462 | D:4      | Killed an ogre
  3463 | D:4      | Reached XP level 7. HP: 25/54 MP: 7/7
  4793 | D:5      | Entered Level 5 of the Dungeon
  4793 | D:5      | Found Jeolocuo's Book Boutique.
  4793 | D:5      | Found a broken altar of Ashenzari.
  4804 | D:5      | Noticed Edmund
  4806 | D:5      | Noticed Blork the orc
  4814 | D:5      | Killed Edmund
  4815 | D:5      | Reached skill level 5 in Fighting
  4815 | D:5      | Reached XP level 8. HP: 47/62 MP: 8/8
  4821 | D:5      | Killed Blork the orc
  5162 | D:5      | Found Xoaveigy's Book Shoppe.
  5283 | D:5      | Found a staircase to the Ecumenical Temple.
  5311 | Temple   | Entered the Ecumenical Temple
  5387 | Temple   | Became a worshipper of Warmaster Okawaru
  5433 | D:5      | Found Rocahucopp's Book Shop.
  5579 | D:5      | Found Sonne's Weapon Shoppe.
  5582 | D:5      | Bought a +1 hand axe of draining for 161 gold pieces
  5855 | D:5      | Noticed Menkaure
  5864 | D:5      | Killed Menkaure
  6206 | D:6      | Reached XP level 9. HP: 69/69 MP: 9/9
  6243 | D:6      | Reached skill level 6 in Shields
  6474 | D:6      | Reached * piety under Okawaru
  6799 | D:6      | Found an ancient bone altar of Kikubaaqudgha.
  6802 | D:6      | Found an opulent altar of Gozag.
  6805 | D:6      | Found a sacrificial altar of Ru.
  6984 | D:7      | Reached skill level 7 in Shields
  6995 | D:7      | Found Houdghitu's Weapon Shoppe.
  7073 | D:7      | Reached skill level 10 in Axes
  7418 | D:7      | Noticed Joseph
  7445 | D:7      | Killed Joseph
  7448 | D:7      | Found a blossoming altar of Fedhas.
  7479 | D:7      | Reached ** piety under Okawaru
  7480 | D:7      | Reached XP level 10. HP: 44/76 MP: 10/10
  7566 | D:7      | Noticed Prince Ribbit
  7593 | D:7      | Found a flagged portal.
  7598 | D:7      | Reached skill level 8 in Shields
  7604 | Bailey   | Entered a bailey
  8679 | D:8      | Noticed a two-headed ogre
  8876 | D:8      | Found a staircase to the Lair.
  8891 | D:8      | Killed a two-headed ogre
  8892 | D:8      | Reached skill level 9 in Shields
  9523 | D:8      | Found a stormy altar of Qazlal.
  9530 | D:8      | Found a radiant altar of Vehumet.
  9530 | D:8      | Found a basalt altar of Yredelemnul.
  9754 | Lair:1   | Entered Level 1 of the Lair of Beasts
  9754 | Lair:1   | Noticed a cane toad
  9770 | Lair:1   | Killed a cane toad
  9947 | Lair:1   | Noticed a komodo dragon
  9954 | Lair:1   | Killed a komodo dragon
  9954 | Lair:1   | Reached *** piety under Okawaru
 10235 | Lair:1   | Reached XP level 11. HP: 77/83 MP: 11/11
 10964 | Lair:1   | Noticed a seven-headed hydra
 10999 | Lair:1   | Reached **** piety under Okawaru
 11042 | Lair:1   | Received a gift from Okawaru
 11256 | Lair:1   | Reached ***** piety under Okawaru
 11513 | Lair:1   | Killed a seven-headed hydra
 11514 | Lair:1   | Reached XP level 12. HP: 95/95 MP: 12/12
 11527 | Lair:1   | Received a gift from Okawaru
 11853 | Lair:1   | Reached skill level 5 in Armour
 12321 | Lair:2   | Reached skill level 10 in Shields
 12480 | Lair:2   | Noticed a five-headed hydra
 12577 | Lair:2   | Killed a 20-headed hydra
 12578 | Lair:2   | Reached skill level 10 in Fighting
 12847 | Lair:2   | Noticed an eight-headed hydra
 13153 | Lair:2   | Noticed a five-headed hydra
 13165 | Lair:2   | Killed a five-headed hydra
 13165 | Lair:2   | Received a gift from Okawaru
 13373 | Lair:2   | Reached skill level 11 in Shields
 13708 | Lair:2   | Reached XP level 13. HP: 60/104 MP: 13/13
 13836 | Lair:2   | Killed an eight-headed hydra
 13836 | Lair:2   | Reached ****** piety under Okawaru
 13836 | Lair:2   | Received a gift from Okawaru
 13837 | Lair:2   | Reached skill level 12 in Shields
 14773 | Lair:3   | Found a staircase to the Shoals.
 15122 | Lair:3   | Noticed Gastronok
 15151 | Lair:3   | Killed Gastronok
 15152 | Lair:3   | Reached skill level 15 in Axes
 15152 | Lair:3   | Reached skill level 13 in Shields
 15174 | Lair:3   | Found a hole to the Spider Nest.
 15500 | Lair:3   | Noticed Urug
 15510 | Lair:3   | Killed Urug
 16317 | Lair:4   | Noticed a four-headed hydra
 16324 | Lair:4   | Killed a one-headed hydra
 16406 | Lair:4   | Noticed a seven-headed hydra
 16412 | Lair:4   | Received a gift from Okawaru
 16419 | Lair:4   | Killed a one-headed hydra
 16420 | Lair:4   | Got a bloodstained tower shield {god gift}
 16449 | Lair:4   | Noticed a four-headed hydra
 16673 | Lair:3   | Identified the +2 tower shield of Exclusion {rC+ rCorr}
                  | (Okawaru gifted it to you on level 4 of the Lair of Beasts)
 16898 | Lair:4   | Killed a one-headed hydra
 16971 | Lair:4   | Reached skill level 14 in Shields
 17692 | Lair:5   | Reached XP level 14. HP: 87/113 MP: 14/14
 17744 | Lair:5   | Reached skill level 15 in Shields
 18239 | Lair:5   | Found a runed translucent door.
 18346 | Lair:5   | Received a gift from Okawaru
 18347 | Lair:5   | Got a dazzling tower shield {god gift}
 18358 | Lair:5   | Identified the -9 tower shield "Koxejeim" {MP+9} (Okawaru
                  | gifted it to you on level 5 of the Lair of Beasts)
 18440 | Lair:5   | Reached skill level 16 in Shields
 18492 | Lair:6   | Entered Level 6 of the Lair of Beasts
 18535 | Lair:6   | Slain by a catoblepas

Illustrated notes

Levels and vault maps discovered:
D:1:      minmay_arrival_checkered_box, layout_basic, chequers_arboretum,
          chequers_serial_rivers_marsh
D:2:      layout_rooms, kennysheep_big_empty_room
D:3:      layout_basic, chequers_ecumenical_altar_simple_redux, minmay_cupped
D:4:      layout_gridville, uniq_ijyb
D:5:      layout_loops_ring, evilmike_ruin_ashenzari, minmay_temple_entry_mist,
          serial_shops, shop, nicolae_shop_behind_doors, nicolae_shop_stone,
          kennysheep_little_box, uniq_blork_the_orc, uniq_edmund, uniq_menkaure
D:6:      layout_basic, grunt_temple_overflow_diamond, kennysheep_generic_room_4
D:7:      layout_basic, overflow_temple_1_default, serial_shops, shop,
          enter_bailey_3, uniq_prince_ribbit1, uniq_joseph
D:8:      layout_gridville, nicolae_overflow_hidden_temple, dpeg_oklobed_lair,
          serial_park_tiny_pond, hangedman_decor_clover_reticule
Temple:   nicolae_temple_god_jail
Lair:1:   kb_forest_paths, layout_gridlike
Lair:2:   layout_gridlike
Lair:3:   wander_river, layout_big_grid, elwin_shoals_entry_stream,
          spider_nest_entry_a, chequers_serial_rivers_large_a,
          minmay_lair_oklob_bushes, st_stairs_10, infiniplex_staircase_pool,
          uniq_urug, uniq_gastronok
Lair:4:   layout_cave_pods, minivault_23, serial_bayou_shore_b
Lair:5:   lemuel_reptile_caves, layout_hall_layers, serial_forest,
          infiniplex_forest_clump_cross, infiniplex_forest_lined_corner,
          infiniplex_forest_straight_3, infiniplex_forest_clump_small,
          infiniplex_forest_straight_3, infiniplex_forest_end_2,
          infiniplex_forest_lined_2, pf_torpor_hydra, minmay_lair_oklob_chamber
Lair:6:   hangedman_lair_caniforms_friends, layout_hall_layers,
          guppyfry_lair_end_dragon, minmay_slime_entry_jelly_boxes,
          gammafunk_ghost_grave

Skill      XL: |  1  2  3  4  5  6  7  8  9 10 11 12 13 14 |
---------------+-------------------------------------------+-----
Shields        | 4 5 7 9 11 14 16 | 16.1
Axes           | 3 4 6 7 8 10 12 14 15 | 15.2
Fighting       | 4 5 6 9 10 11 | 11.5
Armour         | 4 5 |  5.2

Action                   |  1- 3 |  4- 6 |  7- 9 | 10-12 | 13-15 || total
-------------------------+-------+-------+-------+-------+-------++-------
Melee: War axe           |    55 |   175 |   105 |     9 |   368 ||   712
       Hand axe          |       |       |   181 |   767 |       ||   948
       Battleaxe         |       |       |       |    11 |       ||    11
       Flail             |       |       |       |     7 |    10 ||    17
Throw: Throwing net      |       |       |       |     2 |       ||     2
       Javelin           |       |       |       |     4 |     1 ||     5
Invok: Heroism           |       |       |       |     3 |     2 ||     5
 Abil: Dig               |       |       |       |     9 |     8 ||    17
Evoke: Wand              |       |       |     1 |    14 |     1 ||    16
  Use: Scroll            |       |       |     8 |     1 |    13 ||    22
       Potion            |       |       |       |     2 |       ||     2
 Stab: Paralysed         |       |       |     5 |       |     3 ||     8
       Petrified         |       |       |       |       |     3 ||     3
Armor: Scale mail        |    27 |    96 |    79 |   197 |    55 ||   454
Dodge: Dodged            |    20 |    72 |    55 |   248 |    89 ||   484
Block: Kite shield       |    29 |   139 |   115 |   358 |    50 ||   691
       Tower shield      |       |       |       |       |   187 ||   187
